[Event "Titled Tuesday Blitz April 26 Early 2022"]
[White "Bachmann, Axel"]
[Black "De Arruda, Leandro Formes"]
[WhiteFideId "3700488"]
[BlackFideId "22722009"]
[WhiteElo "2587"]
[BlackElo "1852"]
[Result "1-0"]
[Round "11"]
[TimeControl "180+1"]
[Date "2022.04.26"]
[WhiteClock "0:00:09"]
[BlackClock "0:00:07"]

1. d4 d5 2. Nf3 Nf6 3. g3 e6 4. Bg2 Nbd7 5. c4 c6 6. O-O Be7 7. Qc2 O-O 8. Rd1 Ne4 9. b3 f5 10. Ba3 Bxa3 11. Nxa3 Qf6 12. e3 g5 13. Qe2 f4 14. exf4 gxf4 15. Rac1 fxg3 16. hxg3 Rf7 17. Rd3 Rg7 18. Ne5 Ng5 19. Nc2 Nxe5 20. dxe5 Qh6 21. f4 Nh3+ 22. Bxh3 Qxh3 23. Qg2 Qf5 24. Rcd1 Bd7 25. Nd4 Qg4 26. c5 Rf8 27. b4 Rxf4 28. R1d2 Re4 29. Ne2 Rxe5 30. Nf4 Re1+ 31. Kf2 Re4 32. Qf3 Qf5 33. Ng2 Qg6 34. Nh4 Qg5 35. Re2 Rf7 36. Rxe4 Rxf3+ 37. Nxf3 dxe4 38. Nxg5 exd3 39. Ke3 h6 40. Ne4 Kf7 41. Kxd3 Ke7 42. Nd6 b6 43. Ke4 Be8 44. Ke5 Bg6 45. Nc8+ Kd7 46. Nxa7 bxc5 47. bxc5 Bb1 48. a4 Bd3 49. Kf6 h5 50. Kg5 Be2 51. Kf6 Bd3 52. Ke5 Be2 53. a5 Kc7 54. Kxe6 Kb7 55. Kd6 Kxa7 56. Kxc6 Kb8 57. Kb6 Kc8 58. a6 Kb8 59. c6 Kc8 60. a7 Kd8 61. a8=Q+ Ke7 62. c7 Bf3 63. c8=Q Bxa8 64. Qxa8 Kf6 65. Qe4 Kg5 66. Qf4+ Kg6 67. Qh4 Kh6 68. Kc5 Kg6 69. Kd4 1-0


[Site "https://www.chess.com"]

[Event "Titled Tuesday Blitz April 26 Early 2022"]
[White "Bas Mas, Jose Joaquin"]
[Black "Ianov, Viktor"]
[WhiteFideId "22219064"]
[BlackFideId "14102730"]
[WhiteElo "2212"]
[BlackElo "2161"]
[Result "0-1"]
[Round "11"]
[TimeControl "180+1"]
[Date "2022.04.26"]
[WhiteClock "0:00:01"]
[BlackClock "0:00:55"]

1. e4 d6 2. Nc3 Nf6 3. d4 c6 4. a4 Qa5 5. Bd3 e5 6. Nf3 Bg4 7. Be3 Nbd7 8. h3 Bh5 9. g4 Bg6 10. Bd2 Qc7 11. Qe2 Be7 12. a5 O-O 13. O-O Rfe8 14. dxe5 dxe5 15. a6 b5 16. Nd1 Nc5 17. Nc3 b4 18. Na2 b3 19. cxb3 Ncxe4 20. Be3 Rad8 21. Rfd1 Nd5 22. Bc4 Nef6 23. Nc3 Nxe3 24. Qxe3 e4 25. Ne1 Bb4 26. Ng2 Ba5 27. Na4 Nd5 28. Bxd5 cxd5 29. Rd4 Qe5 30. Rad1 Bc7 31. Nh4 Qh2+ 32. Kf1 Bf4 33. Qc3 e3 34. Rxf4 Qxf4 35. Qe1 d4 36. Ng2 Qf3 37. Qe2 Qxh3 0-1


[Site "https://www.chess.com"]

[Event "Titled Tuesday Blitz April 26 Early 2022"]
[White "Bashirli, Saadat"]
[Black "Hoffmann, Asa"]
[WhiteFideId "13429990"]
[BlackFideId "2001470"]
[WhiteElo "1173"]
[BlackElo "2117"]
[Result "0-1"]
[Round "11"]
[TimeControl "180+1"]
[Date "2022.04.26"]
[WhiteClock "0:01:43"]
[BlackClock "0:02:23"]

1. d4 Nf6 2. Bg5 e6 3. e4 d6 4. Nc3 Be7 5. Nf3 a6 6. Bd3 b5 7. a3 Bb7 8. O-O Nbd7 9. Re1 Nh5 10. Bxe7 Qxe7 11. d5 e5 12. Ne2 g6 13. Qd2 O-O 14. Ng3 Nf4 15. c4 Nc5 16. Bc2 bxc4 17. Qc3 Ncd3 18. Bxd3 cxd3 19. Rac1 Rac8 20. Qd2 c6 21. dxc6 Bxc6 22. Red1 h5 23. h4 Bd7 24. Rc3 Bg4 25. Rdc1 Rxc3 26. Rxc3 Bxf3 27. gxf3 Qxh4 28. Rc7 Qh3 0-1


[Site "https://www.chess.com"]

[Event "Titled Tuesday Blitz April 26 Early 2022"]
[White "Begunov, Konstantin"]
[Black "Jakubowski, Krzysztof"]
[WhiteFideId "4118510"]
[BlackFideId "1112848"]
[WhiteElo "2262"]
[BlackElo "2365"]
[Result "0-1"]
[Round "11"]
[TimeControl "180+1"]
[Date "2022.04.26"]
[WhiteClock "0:00:08"]
[BlackClock "0:01:12"]

1. d4 Nf6 2. c4 e6 3. Nf3 Bb4+ 4. Nbd2 d5 5. a3 Bd6 6. Qc2 O-O 7. e4 dxe4 8. Nxe4 Nxe4 9. Qxe4 Nd7 10. Bd3 Nf6 11. Qh4 Be7 12. O-O g6 13. Bg5 Re8 14. Rad1 c6 15. Ne5 Nd7 16. Nxf7 Bxg5 17. Nxg5 Nf8 18. Rfe1 Bd7 19. Re3 Re7 20. Qh6 Rg7 21. Rf3 Qe7 22. Re1 Qd6 23. Ne4 Qxd4 24. Bc2 Qxb2 25. Bb1 Kh8 26. Rd1 c5 27. h4 Bc6 28. h5 gxh5 29. Rh3 Qe2 0-1


[Site "https://www.chess.com"]

[Event "Titled Tuesday Blitz April 26 Early 2022"]
[White "Belenkaya, Dina"]
[Black "Redor, Menandro"]
[WhiteFideId "24142654"]
[BlackFideId "5222010"]
[WhiteElo "2196"]
[BlackElo "1986"]
[Result "0-1"]
[Round "11"]
[TimeControl "180+1"]
[Date "2022.04.26"]
[WhiteClock "0:00:02"]
[BlackClock "0:00:03"]

1. Nf3 c6 2. e4 d5 3. Nc3 dxe4 4. Nxe4 Nf6 5. Nxf6+ exf6 6. d4 Be7 7. Bd3 O-O 8. O-O Bg4 9. c3 Nd7 10. h3 Bh5 11. Re1 Rc8 12. Bf4 Nb6 13. c4 Re8 14. Bf5 Ra8 15. b3 Bxf3 16. Qxf3 Qxd4 17. Rad1 Qb2 18. Rd2 Qa3 19. Rde2 Kf8 20. Bxh7 Bb4 21. Rxe8+ Rxe8 22. Rxe8+ Kxe8 23. Bf5 Bd6 24. Qe3+ Kd8 25. Qd2 Kc7 26. Be3 Qb4 27. Qd1 Be5 28. g3 Qd6 29. Qg4 g6 30. Bc2 c5 31. Qh4 f5 32. Qh7 Qe7 33. Kg2 Nd7 34. h4 b6 35. Bd1 Nf6 36. Qh8 Qd6 37. Bf3 f4 38. Bc1 fxg3 39. Qa8 gxf2 40. Qxa7+ Kd8 41. Qa8+ Qb8 42. Qxb8+ Bxb8 43. Kxf2 Be5 44. Bg5 Ke7 45. Ke3 Ke6 46. Kd3 Bd4 47. a3 Ke5 48. b4 Nd7 49. Bc6 f6 0-1


[Site "https://www.chess.com"]

[Event "Titled Tuesday Blitz April 26 Early 2022"]
[White "Belozerov, Andrei"]
[Black "Popadic, Dragan"]
[WhiteFideId "4120213"]
[BlackFideId "913650"]
[WhiteElo "2320"]
[BlackElo "2203"]
[Result "0-1"]
[Round "11"]
[TimeControl "180+1"]
[Date "2022.04.26"]
[WhiteClock "0:00:22"]
[BlackClock "0:00:06"]

1. e4 c5 2. Nf3 Nc6 3. d4 cxd4 4. Nxd4 Nf6 5. Nc3 e5 6. Ndb5 d6 7. Bg5 a6 8. Na3 b5 9. Nd5 Be7 10. Bxf6 Bxf6 11. c3 O-O 12. Nc2 Bg5 13. a4 bxa4 14. Rxa4 a5 15. Bc4 Rb8 16. b3 Kh8 17. Nce3 g6 18. h4 Bxe3 19. Nxe3 h5 20. Ra2 Qe7 21. Rd2 Rd8 22. O-O Be6 23. Bxe6 Qxe6 24. Nc4 Kg7 25. Rd5 Rb7 26. Qc2 Qe7 27. Rfd1 Qxh4 28. Nxd6 Rbb8 29. Rc5 Ne7 30. Rc7 Kf8 31. Qe2 Rxb3 32. Qc4 Rxd6 33. Qxb3 Rf6 34. Qc2 Ng8 35. Rdd7 Nh6 36. Qd2 Ng4 37. f3 Qh2+ 38. Kf1 Qh1+ 39. Ke2 Qxg2+ 40. Kd3 Qxf3+ 41. Kc4 Kg7 42. Kb3 Qf1 43. Qd5 Rb6+ 44. Kc2 Ne3+ 45. Kd2 Nxd5 46. Rxf7+ Qxf7 47. Rxf7+ Kxf7 48. exd5 Ke7 49. c4 Kd6 50. Kc3 Kc5 0-1


[Site "https://www.chess.com"]

[Event "Titled Tuesday Blitz April 26 Early 2022"]
[White "Bilych, Olexiy"]
[Black "Iljin, Timofey"]
[WhiteFideId "14156504"]
[BlackFideId "14110180"]
[WhiteElo "2176"]
[BlackElo "2396"]
[Result "1-0"]
[Round "11"]
[TimeControl "180+1"]
[Date "2022.04.26"]
[WhiteClock "0:00:37"]
[BlackClock "0:00:01"]

1. e4 d5 2. exd5 Nf6 3. Bb5+ Nbd7 4. d4 Nxd5 5. Nf3 c6 6. Be2 g6 7. O-O Bg7 8. c4 N5f6 9. Nc3 O-O 10. Bf4 b6 11. Ne5 Bb7 12. Bf3 Rc8 13. Qa4 Nxe5 14. dxe5 Nd7 15. Rad1 a6 16. Bg3 Qc7 17. e6 Ne5 18. exf7+ Rxf7 19. Bg4 b5 20. Qc2 b4 21. Ne4 c5 22. Bxc8 Qxc8 23. Ng5 Rf5 24. Ne4 h6 25. Rfe1 Kh7 26. b3 a5 27. Qe2 Nf7 28. Qe3 Qc6 29. f3 Bd4 30. Rxd4 cxd4 31. Qxd4 e5 32. Qa7 Qd7 33. Nc5 Qc7 34. Nxb7 Nd6 35. Qc5 Qxb7 36. Qxd6 e4 37. fxe4 Rf7 38. e5 Rd7 39. Qf6 Rf7 40. Qh4 Qb6+ 41. Kh1 Qe6 42. Qe4 h5 43. h4 Rf5 44. Kh2 Rf7 45. c5 Qa6 46. e6 Re7 47. Bd6 Re8 48. e7 Qc8 49. Rf1 Qg4 50. Qxg4 Kh6 51. Rf8 hxg4 52. Rxe8 g3+ 53. Kxg3 g5 54. hxg5+ Kxg5 55. Rg8+ Kf6 56. e8=Q a4 57. Rg6+ Kf5 58. Qe6# 1-0


[Site "https://www.chess.com"]

[Event "Titled Tuesday Blitz April 26 Early 2022"]
[White "Blokhin, Sofia"]
[Black "Murthy, Pappu"]
[WhiteFideId "4508190"]
[BlackFideId "2013401"]
[WhiteElo "1764"]
[BlackElo "1970"]
[Result "0-1"]
[Round "11"]
[TimeControl "180+1"]
[Date "2022.04.26"]
[WhiteClock "0:00:09"]
[BlackClock "0:01:01"]

1. d4 Nf6 2. c4 c5 3. d5 b5 4. cxb5 a6 5. bxa6 g6 6. Nc3 Bg7 7. e4 O-O 8. Nf3 Qa5 9. Bd3 Nxd5 10. exd5 Bxc3+ 11. bxc3 Qxc3+ 12. Ke2 Qxa1 13. Qc2 Bxa6 14. Rd1 Bxd3+ 15. Kxd3 Rxa2 16. Qb3 d6 17. Ng5 Nd7 18. Nf3 Rfa8 19. Qb5 R2a3+ 20. Bxa3 Qxd1+ 21. Ke4 Rxa3 22. Qxd7 Qe2+ 23. Kf4 Ra4+ 24. Kg3 Re4 25. Qc8+ Kg7 26. Qh3 h5 27. Ng5 Rg4+ 28. Qxg4 Qxg4# 0-1


[Site "https://www.chess.com"]

[Event "Titled Tuesday Blitz April 26 Early 2022"]
[White "Bristy, Mukherjee"]
[Black "Minko, Dmitry"]
[WhiteFideId "25077325"]
[BlackFideId "24188468"]
[WhiteElo "1661"]
[BlackElo "1928"]
[Result "0-1"]
[Round "11"]
[TimeControl "180+1"]
[Date "2022.04.26"]
[WhiteClock "0:00:02"]
[BlackClock "0:00:28"]

1. d4 d5 2. Bg5 Nd7 3. e3 Ngf6 4. Nd2 e5 5. f4 exd4 6. exd4 c5 7. c3 cxd4 8. cxd4 Bb4 9. Qe2+ Kf8 10. Nf3 h6 11. Bh4 Qa5 12. a3 Ne4 13. Rd1 Bd6 14. Ne5 Ndf6 15. g3 Bxe5 16. dxe5 Bg4 17. Qb5 Qxb5 18. Bxb5 Bxd1 19. exf6 Bg4 20. Nxe4 dxe4 21. O-O a6 22. Ba4 b5 23. Bb3 Re8 24. Rc1 Rg8 25. Rc7 Be6 26. Bc2 g5 27. f5 Bxf5 28. g4 gxh4 29. h3 h5 30. Kf2 hxg4 31. Bb3 Be6 32. Bxe6 Rxe6 33. hxg4 Rxf6+ 34. Ke3 Rxg4 35. Rc8+ Kg7 36. Rc7 h3 37. Rc1 h2 38. Rh1 Rh6 39. Kd4 Rg1 40. b4 Rxh1 41. Kc5 Rc1+ 42. Kd5 e3 43. Kd4 e2 44. Ke5 e1=Q+ 45. Kd4 h1=Q 46. Kd3 Rc3+ 47. Kd4 Rxa3 48. Kc5 Ra4 49. Kd4 Rxb4+ 50. Kc5 Qeg1+ 51. Kxb4 Rb6 52. Ka5 b4 53. Ka4 b3 54. Ka3 b2 55. Ka4 b1=Q 56. Ka3 Qbf1 57. Ka4 Rb8 58. Ka5 Ra8 59. Ka4 a5 60. Ka3 a4 61. Ka2 a3 62. Kb3 a2 63. Kb4 a1=Q 64. Kb3 Qae1 65. Kc2 f5 66. Kb3 f4 67. Kc2 f3 68. Kb3 f2 69. Kc2 Rc8+ 70. Kb3 Qfe2 71. Ka4 f1=Q 72. Kb3 Rc1 73. Ka4 Q2d1+ 74. Ka3 Ra1+ 75. Kb2 Ra2+ 76. Kxa2 Qc1 77. Kb3 Qed1+ 78. Kb4 Qfe1+ 79. Kb5 Qgf1+ 80. Kb6 Qhg1+ 81. Kb7 Qd7+ 82. Ka8 Qga7# 0-1


[Site "https://www.chess.com"]

[Event "Titled Tuesday Blitz April 26 Early 2022"]
[White "Buchenau, Frank"]
[Black "Rottenwohrer Suarez, Juan"]
[WhiteFideId "4604350"]
[BlackFideId "32068182"]
[WhiteElo "2193"]
[BlackElo "2158"]
[Result "1-0"]
[Round "11"]
[TimeControl "180+1"]
[Date "2022.04.26"]
[WhiteClock "0:00:21"]
[BlackClock "0:00:01"]

1. e4 g6 2. d4 Bg7 3. Nc3 c6 4. Nf3 d5 5. Bf4 dxe4 6. Nxe4 Nf6 7. Nxf6+ exf6 8. Bd3 O-O 9. O-O Nd7 10. h3 Nb6 11. c4 Be6 12. b3 Nc8 13. Re1 Nd6 14. Qd2 Bf5 15. Bxf5 Nxf5 16. Rad1 Qd7 17. d5 Rfe8 18. dxc6 Qxc6 19. Rxe8+ Rxe8 20. Qd7 g5 21. Qxc6 bxc6 22. Bc7 Bf8 23. Kf1 h5 24. Rd8 Rxd8 25. Bxd8 Kg7 26. Bc7 Bc5 27. Ke2 Nd4+ 28. Nxd4 Bxd4 29. b4 a6 30. a4 Kf8 31. g4 hxg4 32. hxg4 Ke8 33. b5 cxb5 34. cxb5 axb5 35. axb5 Kd7 36. b6 Kc6 37. Kf3 Bc5 38. Bd8 Bd4 39. Ke4 Bxf2 40. Kf5 Bd4 41. Bc7 Kb7 42. Ke4 Bxb6 43. Bxb6 Kxb6 44. Kf5 Kc6 45. Kxf6 Kd6 46. Kxf7 Ke5 47. Kg6 Ke6 48. Kxg5 Kf7 49. Kh6 Kf8 50. Kh7 Kf7 51. g5 1-0


[Site "https://www.chess.com"]

[Event "Titled Tuesday Blitz April 26 Early 2022"]
[White "Butti, Enrique"]
[Black "Odegov, Artem"]
[WhiteFideId "3700470"]
[BlackFideId "34183644"]
[WhiteElo "2080"]
[BlackElo "2286"]
[Result "0-1"]
[Round "11"]
[TimeControl "180+1"]
[Date "2022.04.26"]
[WhiteClock "0:00:38"]
[BlackClock "0:00:02"]

1. d4 c5 2. d5 Nf6 3. c4 e6 4. Nc3 exd5 5. cxd5 g6 6. e4 d6 7. f3 Bg7 8. Bg5 O-O 9. Qd2 a6 10. a4 Nbd7 11. Nh3 Qc7 12. Nf2 Ne5 13. Be2 Bd7 14. Bxf6 Bxf6 15. f4 b5 16. fxe5 Bxe5 17. axb5 axb5 18. Rxa8 Rxa8 19. O-O b4 20. Ncd1 Bd4 21. Kh1 Ra2 22. Bc4 Ra1 23. Ne3 Rxf1+ 24. Nxf1 Qa5 25. g3 f5 26. exf5 Bxf5 27. Kg2 Qa8 28. Ne3 Bd7 29. Ne4 Qf8 30. b3 h5 31. Qf2 Qe7 32. Qf4 h4 33. gxh4 Bxe3 34. Qxe3 Bf5 35. Kf3 Qxh4 36. Qf4 Qh5+ 37. Ke3 Qh3+ 38. Ng3 Qxh2 39. Qxd6 Qg1+ 40. Kf4 Qf2+ 41. Kg5 Qe3+ 42. Kf6 Qd4+ 43. Qe5 Qh4# 0-1


[Site "https://www.chess.com"]

[Event "Titled Tuesday Blitz April 26 Early 2022"]
[White "Cagara, Paulina"]
[Black "Rom, Jasper"]
[WhiteFideId "1124870"]
[BlackFideId "2023733"]
[WhiteElo "1780"]
[BlackElo "2233"]
[Result "0-1"]
[Round "11"]
[TimeControl "180+1"]
[Date "2022.04.26"]
[WhiteClock "0:00:05"]
[BlackClock "0:00:09"]

1. e4 e6 2. d4 d5 3. Nc3 Nf6 4. e5 Nfd7 5. f4 c5 6. Nf3 Nc6 7. Be3 Be7 8. Qd2 O-O 9. Be2 a6 10. O-O b5 11. Nd1 Qc7 12. c3 Na5 13. Kh1 Nc4 14. Bxc4 dxc4 15. Nf2 Bb7 16. Qe2 Rad8 17. Rae1 Nb6 18. dxc5 Nd5 19. Nd4 Nxe3 20. Qxe3 Bxc5 21. Ne4 Bxd4 22. cxd4 Qc6 23. Qg3 Rxd4 24. Nd6 Ba8 25. Rd1 Rd3 26. Rxd3 cxd3 27. f5 d2 28. h4 Qc1 29. Qd3 exf5 30. Nxf5 Be4 31. Ne7+ Kh8 32. Qe2 Bc2 33. e6 Qxf1+ 34. Qxf1 d1=Q 35. Qxd1 Bxd1 36. exf7 Rxf7 37. Nd5 Rf2 38. Kg1 Rxb2 39. Nc7 Rxa2 40. g3 b4 41. Ne6 b3 42. Nd4 b2 43. g4 b1=Q 44. g5 Bf3# 0-1


[Site "https://www.chess.com"]

[Event "Titled Tuesday Blitz April 26 Early 2022"]
[White "Chuemsakul, Sarocha"]
[Black "Kosteniuk, Alexandra"]
[WhiteFideId "6203710"]
[BlackFideId "4128125"]
[WhiteElo "1703"]
[BlackElo "2469"]
[Result "0-1"]
[Round "11"]
[TimeControl "180+1"]
[Date "2022.04.26"]
[WhiteClock "0:00:01"]
[BlackClock "0:01:32"]

1. d4 Nf6 2. c4 e6 3. Nf3 c5 4. d5 b5 5. Nc3 b4 6. Na4 exd5 7. cxd5 Bd6 8. Nd2 Ba6 9. e4 Bxf1 10. Kxf1 O-O 11. Nc4 Bc7 12. e5 Ne8 13. d6 Bb6 14. Qd5 Nc6 15. Be3 Kh8 16. Rd1 Qh4 17. g3 Qh3+ 18. Qg2 Qe6 19. Qd5 Qh3+ 20. Qg2 Qg4 21. b3 f6 22. f3 Qe6 23. Qd2 fxe5 24. Kg2 Nf6 25. Bxc5 e4 26. Rhf1 exf3+ 27. Rxf3 Ne4 28. Qd5 Nxc5 29. Nxc5 Qe2+ 30. Kh3 Rxf3 31. Nxd7 Rf2 32. Rh1 Bd8 33. Qxc6 Qh5# 0-1


[Site "https://www.chess.com"]

[Event "Titled Tuesday Blitz April 26 Early 2022"]
[White "Costachi, Mihnea"]
[Black "Martic, Ivan"]
[WhiteFideId "1217518"]
[BlackFideId "929301"]
[WhiteElo "2476"]
[BlackElo "2317"]
[Result "1-0"]
[Round "11"]
[TimeControl "180+1"]
[Date "2022.04.26"]
[WhiteClock "0:00:35"]
[BlackClock "0:00:20"]

1. d4 Nf6 2. Bg5 d5 3. e3 c5 4. c3 Nc6 5. Bd3 Qb6 6. Qc1 Bg4 7. Nd2 e6 8. Ngf3 Rc8 9. O-O Be7 10. Rb1 Bh5 11. a3 O-O 12. Qc2 Bg6 13. Bxg6 hxg6 14. Rfc1 Rfd8 15. dxc5 Qxc5 16. b4 Qb6 17. c4 dxc4 18. Nxc4 Qc7 19. Nce5 Qb8 20. Qb2 Nxe5 21. Nxe5 Rxc1+ 22. Rxc1 Qd6 23. h3 Nd5 24. Bxe7 Qxe7 25. Nf3 Nf6 26. Qe5 Rd7 27. Rc8+ Rd8 28. Rc7 Rd7 29. Rc8+ Rd8 30. Qb8 Rxc8 31. Qxc8+ Ne8 32. Nd4 a6 33. a4 Kf8 34. b5 Qc7 35. Qa8 Qc1+ 36. Kh2 Qc7+ 37. g3 e5 38. bxa6 bxa6 39. Nc6 Qb6 40. a5 Qb2 41. Kg2 Qd2 42. Qb7 Qd5+ 43. Kh2 Qe6 44. Qxa6 Kg8 45. Qb6 Qf5 46. Ne7+ 1-0


[Site "https://www.chess.com"]

[Event "Titled Tuesday Blitz April 26 Early 2022"]
[White "Daneshvar, Bardiya"]
[Black "Bortnyk, Olexandr"]
[WhiteFideId "12576468"]
[BlackFideId "14120828"]
[WhiteElo "2330"]
[BlackElo "2723"]
[Result "0-1"]
[Round "11"]
[TimeControl "180+1"]
[Date "2022.04.26"]
[WhiteClock "0:00:02"]
[BlackClock "0:00:03"]

1. d4 d6 2. Nf3 Nf6 3. c4 g6 4. Nc3 Bf5 5. Qb3 Qc8 6. Nh4 Bd7 7. e4 Bg7 8. Be2 Nc6 9. Be3 e5 10. d5 Nd4 11. Qd1 c5 12. dxc6 Bxc6 13. f3 O-O 14. O-O Nh5 15. g3 Qh3 16. Rf2 Nxg3 17. hxg3 Qxg3+ 18. Ng2 f5 19. Bd3 fxe4 20. Bxe4 Bxe4 21. Nxe4 Nxf3+ 22. Rxf3 Qxf3 23. Qxf3 Rxf3 24. Rd1 Bf8 25. Rd3 Bh6 26. Nxd6 b6 27. Ne4 Raf8 28. Nd2 Rh3 29. b4 Bf4 30. Nf1 Bg5 31. Rb3 Be7 32. c5 bxc5 33. bxc5 Rc8 34. Rb5 h5 35. Ra5 Rc7 36. Nd2 Bd8 37. Ra6 Kg7 38. Nc4 Bf6 39. Nd6 Kf8 40. c6 Be7 41. Nb5 Rc8 42. Nxa7 Rb8 43. c7 Rb1+ 44. Ne1 Rxe1+ 45. Kg2 Rhxe3 46. c8=Q+ Kg7 47. Qe6 R3e2+ 48. Kh3 Re3+ 49. Kg2 R3e2+ 50. Kf3 e4+ 51. Kf4 Rf2+ 52. Ke5 Bf6+ 53. Kd6 e3 54. Kd7 Rd1+ 55. Rd6 e2 56. Nc6 e1=Q 57. Nd8 Rxd6+ 58. Qxd6 Qe7+ 59. Qxe7+ Bxe7 60. Ne6+ Kf6 0-1


[Site "https://www.chess.com"]

[Event "Titled Tuesday Blitz April 26 Early 2022"]
[White "Darini, Pouria"]
[Black "Chigaev, Maksim"]
[WhiteFideId "12502200"]
[BlackFideId "4108116"]
[WhiteElo "2489"]
[BlackElo "2478"]
[Result "1-0"]
[Round "11"]
[TimeControl "180+1"]
[Date "2022.04.26"]
[WhiteClock "0:02:12"]
[BlackClock "0:01:57"]

1. Nf3 Nf6 2. b3 d5 3. e3 e6 4. Bb2 b6 5. d4 Bb7 6. Nbd2 Be7 7. Bd3 O-O 8. O-O Nbd7 9. Ne5 c5 10. f4 Rc8 11. Qe2 Qc7 12. c4 Qb8 13. Rac1 Bd6 14. Nxd7 Nxd7 15. dxc5 Bxc5 16. Bxh7+ Kxh7 17. Qh5+ Kg8 18. Bxg7 1-0


[Site "https://www.chess.com"]

[Event "Titled Tuesday Blitz April 26 Early 2022"]
[White "De Souza, Cristiano Gomes"]
[Black "Piliczewski, Bogusz"]
[WhiteFideId "2151758"]
[BlackFideId "1104144"]
[WhiteElo "2068"]
[BlackElo "1896"]
[Result "1-0"]
[Round "11"]
[TimeControl "180+1"]
[Date "2022.04.26"]
[WhiteClock "0:01:50"]
[BlackClock "0:00:02"]

1. d4 d5 2. c4 c6 3. Nf3 Nf6 4. Nc3 e6 5. Bg5 Nbd7 6. e3 Qa5 7. Nd2 Bb4 8. Rc1 O-O 9. a3 Bxc3 10. Rxc3 dxc4 11. Bxf6 Nxf6 12. Nxc4 Qc7 13. Bd3 Nd7 14. O-O e5 15. dxe5 Nxe5 16. Nxe5 Qxe5 17. Qf3 Be6 18. Rfc1 Rad8 19. Bc4 Bxc4 20. Rxc4 Rd2 21. b4 Rfd8 22. g3 Ra2 23. Rc5 Qb2 24. b5 Rd2 25. Rf1 Qf6 26. Qxf6 gxf6 27. bxc6 bxc6 28. Rxc6 Rxa3 29. Rxf6 a5 30. Rf4 Raa2 31. Rb1 Rd7 32. Rb8+ Kg7 33. Ra8 Rb7 34. Kg2 h5 35. h4 Kg6 36. Rg8+ Kh7 37. Rg5 a4 38. Rxh5+ Kg7 39. Ra5 a3 40. Kf3 Ra1 41. Rfa4 1-0


[Site "https://www.chess.com"]

[Event "Titled Tuesday Blitz April 26 Early 2022"]
[White "Djokic, Mihailo"]
[Black "Vakhlamov, Igor L."]
[WhiteFideId "976440"]
[BlackFideId "24126748"]
[WhiteElo "2202"]
[BlackElo "2401"]
[Result "1-0"]
[Round "11"]
[TimeControl "180+1"]
[Date "2022.04.26"]
[WhiteClock "0:00:37"]
[BlackClock "0:00:28"]

1. e4 c5 2. Nf3 Nc6 3. d4 cxd4 4. Nxd4 g6 5. Nc3 Bg7 6. Be3 Nf6 7. Bc4 O-O 8. Bb3 a5 9. O-O Nxd4 10. Bxd4 d6 11. a4 Bd7 12. Re1 Bc6 13. f4 Nd7 14. Bxg7 Kxg7 15. Qd4+ f6 16. Nd5 Nc5 17. Rad1 Rc8 18. f5 Bxd5 19. Bxd5 Qb6 20. b3 Nd7 21. Be6 Qxd4+ 22. Rxd4 Rfd8 23. Bxd7 Rxd7 24. c4 gxf5 25. exf5 Rc5 26. g4 Re5 27. Rxe5 fxe5 28. Rd5 b6 29. g5 Kf7 30. Kf2 e6 31. fxe6+ Kxe6 32. Rb5 Rb7 33. Kf3 Kf5 34. h4 Rb8 35. b4 axb4 36. a5 Ke6 37. axb6 Kd7 38. Ke4 Kc6 39. Rxb4 Kc5 40. Rb1 Kxc4 41. b7 Kc5 42. Kf5 Kc6 43. h5 Rf8+ 44. Ke6 Rb8 45. g6 hxg6 46. hxg6 e4 47. g7 e3 48. Kf7 e2 49. g8=Q Rxb7+ 50. Rxb7 e1=Q 51. Qc8+ Kd5 52. Rb5+ Kd4 53. Qg4+ Kd3 54. Qf3+ Kc4 55. Qb3+ Kd4 56. Rd5+ Ke4 57. Qd3+ Kf4 58. Rf5+ Kg4 59. Qf3+ Kh4 60. Rh5# 1-0


[Site "https://www.chess.com"]

[Event "Titled Tuesday Blitz April 26 Early 2022"]
[White "Drygalov, Sergey"]
[Black "Petrovskyi, Vadym"]
[WhiteFideId "24171743"]
[BlackFideId "14165210"]
[WhiteElo "2514"]
[BlackElo "2400"]
[Result "0-1"]
[Round "11"]
[TimeControl "180+1"]
[Date "2022.04.26"]
[WhiteClock "0:01:07"]
[BlackClock "0:01:53"]

1. d4 Nf6 2. c4 g6 3. Nc3 Bg7 4. e4 d6 5. Nf3 O-O 6. Be2 e5 7. O-O Nc6 8. d5 Ne7 9. b4 a5 10. bxa5 Rxa5 11. a4 Ne8 12. Nd2 c5 13. Nb3 Ra6 14. a5 h6 15. Bb2 f5 16. exf5 Nxf5 17. Ne4 Nd4 18. Nxd4 exd4 19. Bg4 Bf5 20. Bxf5 gxf5 21. Ng3 f4 22. Nh5 f3 23. g3 Qd7 24. g4 0-1


[Site "https://www.chess.com"]

[Event "Titled Tuesday Blitz April 26 Early 2022"]
[White "Dubov, Daniil"]
[Black "Nakamura, Hikaru"]
[WhiteFideId "24126055"]
[BlackFideId "2016192"]
[WhiteElo "2791"]
[BlackElo "2850"]
[Result "0-1"]
[Round "11"]
[TimeControl "180+1"]
[Date "2022.04.26"]
[WhiteClock "0:00:04"]
[BlackClock "0:00:09"]

1. d4 Nf6 2. c4 e6 3. Nf3 d5 4. g3 Be7 5. Bg2 O-O 6. O-O dxc4 7. Qc2 b5 8. a4 Bb7 9. axb5 a6 10. Nc3 axb5 11. Rxa8 Bxa8 12. Nxb5 Bd5 13. Bf4 c5 14. dxc5 Qa5 15. Nc3 Qxc5 16. e4 Bb7 17. b4 Qc8 18. b5 Nbd7 19. Rc1 Nc5 20. Ne5 Rd8 21. Nxc4 Nd3 22. Nb6 Qc5 23. Be3 Qa3 24. Rd1 Ne5 25. Rxd8+ Bxd8 26. h3 Qa1+ 27. Qd1 Qxd1+ 28. Nxd1 Bxe4 29. Nc3 Bxg2 30. Kxg2 Kf8 31. Bd4 Nfd7 32. Nxd7+ Nxd7 33. Kf3 e5 34. Be3 f5 35. g4 g6 36. Ke2 Kf7 37. Kd3 Ke6 38. Kc4 Kd6 39. gxf5 gxf5 40. Na4 f4 41. Bc5+ Ke6 42. b6 e4 43. b7 Bc7 44. Bd4 Kd6 45. Nc5 Nxc5 46. Bxc5+ Kc6 47. Bd4 Kxb7 48. Kd5 e3 49. fxe3 f3 50. e4 Bb6 0-1


[Site "https://www.chess.com"]

[Event "Titled Tuesday Blitz April 26 Early 2022"]
[White "Eynullayev, Atilla"]
[Black "Piesik, Piotr"]
[WhiteFideId "13413570"]
[BlackFideId "1136194"]
[WhiteElo "1936"]
[BlackElo "2190"]
[Result "1-0"]
[Round "11"]
[TimeControl "180+1"]
[Date "2022.04.26"]
[WhiteClock "0:00:28"]
[BlackClock "0:00:45"]

1. e4 g6 2. d4 Bg7 3. Nc3 c6 4. Be3 d5 5. f3 dxe4 6. fxe4 Nf6 7. Nf3 Ng4 8. Qd2 Nxe3 9. Qxe3 Bg4 10. O-O-O Nd7 11. Kb1 Qb6 12. Bc4 O-O 13. h3 Bxf3 14. gxf3 e5 15. Ne2 exd4 16. Nxd4 Ne5 17. Be2 Rad8 18. c3 Qc5 19. h4 Nc4 20. Bxc4 Qxc4 21. h5 c5 22. Ne2 b5 23. hxg6 hxg6 24. f4 Rfe8 25. e5 b4 26. b3 Qb5 27. c4 Qc6 28. Ng3 f6 29. Rxd8 Rxd8 30. f5 gxf5 31. Rg1 Kf7 32. Nxf5 Bf8 33. Qe2 Qd7 34. e6+ Qxe6 35. Qh5# 1-0


[Site "https://www.chess.com"]

[Event "Titled Tuesday Blitz April 26 Early 2022"]
[White "Fernandez Hernandez, Gerardo"]
[Black "Carrasco Miranda, Andres"]
[WhiteFideId "2207400"]
[BlackFideId "3405990"]
[WhiteElo "2173"]
[BlackElo "2177"]
[Result "1-0"]
[Round "11"]
[TimeControl "180+1"]
[Date "2022.04.26"]
[WhiteClock "0:00:53"]
[BlackClock "0:00:01"]

1. e4 c5 2. d3 g6 3. g3 Bg7 4. Bg2 Nc6 5. f4 Rb8 6. Nf3 d6 7. O-O e6 8. c3 Nge7 9. Be3 O-O 10. d4 cxd4 11. cxd4 d5 12. e5 Nf5 13. Bf2 h5 14. Nc3 b5 15. h3 b4 16. Na4 Ba6 17. Re1 Bb5 18. Nc5 Re8 19. g4 hxg4 20. hxg4 Nh6 21. Bh3 Bf8 22. Rc1 Na5 23. b3 Rc8 24. Qd2 Bxc5 25. dxc5 Nc6 26. Be3 d4 27. Nxd4 Nxd4 28. Qxd4 Bc6 29. Qxd8 Rcxd8 30. Rcd1 Bf3 31. Rxd8 Rxd8 32. f5 Nxg4 33. fxe6 Nxe5 34. Bg5 Rd3 35. e7 Bc6 36. Bg2 Be8 37. Rxe5 Rd1+ 38. Kh2 Ra1 39. Re2 Kg7 40. Bf4 f6 41. c6 g5 42. c7 gxf4 43. c8=Q 1-0


[Site "https://www.chess.com"]

[Event "Titled Tuesday Blitz April 26 Early 2022"]
[White "Gokerkan, Cem Kaan"]
[Black "Yeremyan, Alen"]
[WhiteFideId "6336760"]
[BlackFideId "13308998"]
[WhiteElo "2382"]
[BlackElo "2158"]
[Result "1-0"]
[Round "11"]
[TimeControl "180+1"]
[Date "2022.04.26"]
[WhiteClock "0:02:34"]
[BlackClock "0:01:45"]

1. e4 c5 2. Nf3 e6 3. c3 d5 4. exd5 exd5 5. d4 c4 6. b3 cxb3 7. axb3 Bd6 8. Bd3 Ne7 9. O-O O-O 10. Re1 Bf5 11. Bg5 Bxd3 12. Qxd3 Nbc6 13. b4 a6 14. Nbd2 Qd7 15. Nb3 f6 16. Bh4 Nf5 17. Bg3 Bxg3 18. hxg3 Nd6 19. Nc5 Qf7 20. Nh4 Rae8 21. Nf5 Qg6 22. Nxd6 1-0


[Site "https://www.chess.com"]